 Dungeon Sprint DCSS version 0.22-a0-772-gac08f70 (webtiles) character file.

64 Deathmic the Carver (level 3, -7/31 HPs)
             Began as a Minotaur Fighter on July 17, 2018.
             Mangled by a water elemental (17 damage)
             ... in the Dungeon (Sprint III: "The Ten Rune Challenge").
             The game lasted 00:00:45 (490 turns).

Deathmic the Carver (Minotaur Fighter)               Turns: 490, Time: 00:00:46

Health: -7/31      AC:  6    Str: 21    XL:     3   Next: 91%
Magic:  2/2        EV:  7    Int:  5    God:
Gold:   0          SH:  9    Dex:  9    Spells: 2/2 levels left

rFire    . . .     SeeInvis .   a - +0 long sword
rCold    . . .     Gourm    .   c - +0 shield
rNeg     . . .     Faith    .   b - +0 scale mail
rPois    .         Spirit   .   (helmet restricted)
rElec    .         Reflect  .   (no cloak)
rCorr    .         Harm     .   (no gloves)
MR       .....     NoTele   +   (no boots)
Stlth    ..........             (no amulet)
HPRegen  0.10/turn              (no ring)
MPRegen  0.08/turn              (no ring)

@: engulfed (cannot breathe)
A: retaliatory headbutt, horns 2
a: no special abilities


You were in the Dungeon.
You were not hungry.

You visited 1 branch

Inventory:

Hand Weapons
 a - a +0 long sword (weapon)
Armour
 b - a +0 scale mail (worn)
 c - a +0 shield (worn)
Scrolls
 k - a scroll of blinking
 m - a scroll of fog {unknown}
Potions
 d - a potion of might
 e - a potion of curing
 g - a potion of heal wounds
 h - a potion of haste
 i - 2 potions of magic
 j - a potion of berserk rage
Comestibles
 f - 2 rations


   Skills:
 - Level 3.6 Fighting
 + Level 9.5 Long Blades
 - Level 3.6 Armour
 - Level 3.6 Shields


You had 2 spell levels left.
You didn't know any spells.
Your spell library was empty.

Dungeon Overview and Level Annotations

Branches:
Dungeon (1/1)

Altars:


Innate Abilities, Weirdness & Mutations

You reflexively headbutt those who attack you in melee.
You have a pair of horns on your head.


Message History

You kill the human!
Your Long Blades skill increases to level 9!
You open the door.
A water elemental comes into view.
The water elemental moves out of view.
You hit the water elemental but do no damage.
The water elemental hits you!
The water elemental engulfs you in water!
You hit the water elemental.
Your headbutt misses the water elemental.
The water elemental is lightly damaged.
Your lungs strain for air!
You block the water elemental's attack.
You hit the water elemental. You headbutt the water elemental.
The water elemental is moderately damaged.
* * * LOW HITPOINT WARNING * * *
Your lungs strain for air!
The water elemental hits you!
Ouch! That really hurt!
You die...

▓▓▓ ▓▓▓ <.# ♣.# ..# ....
♣.# #'####....♣ ♣.#
.....#....≈♣ ♣.###+#+#
.....#...≈≈♣♣♣♣♣.#......
.....#..≈≈≈≈♣..♣.E.⌠....
####'#..≈≈≈≈≈≈♣♣@#
...).#.≈≈≈≈≈≈....#
.....#.≈≈≈≈≈.....#
.....#.≈≈≈.......#
'#####...........#
.................#
▓▓▓▓▓▓▓▓▓▓▓▓▓▓▓▓▓▓


You could see a water elemental.

Vanquished Creatures
  Jessica (D)
  A human (D)
  A wolf (D)
  An ooze (D)
  2 rats (D)
6 creatures vanquished.

Vanquished Creatures (others)
  2 draconian scorchers (D)
  A yaktaur (D)
  6 hellions (D)
9 creatures vanquished.

Grand Total: 15 creatures vanquished

Notes
Turn   | Place    | Note
-------+----------+-------------------------------------------
     0 | D        | Deathmic the Minotaur Fighter began the quest for the Orb.
     0 | D        | Reached XP level 1. HP: 19/19 MP: 0/0
     4 | D        | Reached skill level 3 in Long Blades
     6 | D        | Reached skill level 4 in Long Blades
    86 | D        | Noticed Jessica
    87 | D        | Killed a hellion
    87 | D        | Killed a hellion
    88 | D        | Killed Jessica
    88 | D        | Reached skill level 7 in Long Blades
    88 | D        | Reached XP level 2. HP: 26/26 MP: 1/1
    88 | D        | Reached XP level 3. HP: 31/31 MP: 2/2
   117 | D        | Reached skill level 8 in Long Blades
   124 | D        | Killed a hellion
   126 | D        | Killed a hellion
   131 | D        | Killed a white draconian scorcher
   149 | D        | Killed a hellion
   153 | D        | Killed a white draconian scorcher
   310 | D        | Killed a hellion
   314 | D        | Killed a yaktaur
   354 | D        | Reached skill level 9 in Long Blades
   486 | D        | Noticed a water elemental
   490 | D        | Mangled by a water elemental

Vault maps used:
D:        dungeon_sprint_mu

Skill      XL: |  1  2  3 |
---------------+----------+-----
Long Blades    | 7 9 |  9.5
Fighting       | |  3.6
Armour         | |  3.6
Shields        | |  3.6

Action                   || total
-------------------------++-------
Melee: Long sword        ||    30
       Headbutt          ||     6
Armor: Scale mail        ||     4
Dodge: Dodged            ||     8
Block: Shield            ||    12

Table legend:
 A = Spawn XP
 B = Non-spawn XP
 C = Spawn XP percentage of total XP
 D = Spawn monster count
 E = Non-spawn monster count
 F = Spawn count percentage of total count
 G = Total turns spent on level
                    A         B        C        D         E        F      G
               +---------+---------+-------+---------+---------+-------+---------
         Total |       0 |      92 |   0.0 |       0 |       6 |   0.0 |   490
               +---------+---------+-------+---------+---------+-------+---------
             D |       0 |      92 |   0.0 |       0 |       6 |   0.0 |   490
               +---------+---------+-------+---------+---------+-------+---------
